 Dungeon Crawl Stone Soup version 0.28-a0-1395-g4f6bc678fa (webtiles) character file.

Game seed: 8746582158413296862

105615 Lekart the Cleaver (level 15, -4/205 HPs)
             Began as a Black Draconian Fighter on Jan 4, 2022.
             Was the Champion of the Shining One.
             Succumbed to a wolf spider's poison
             ... on level 1 of the Spider Nest.
             The game lasted 01:09:23 (28605 turns).

Lekart the Cleaver (Black Draconian Fighter)       Turns: 28605, Time: 01:09:24

Health: -4/205     AC: 19    Str: 28 (29) XL:     15   Next: 95%
Magic:  34/34      EV:  9    Int: 13 (15) God:    the Shining One [******]
Gold:   540        SH:  0    Dex: 18      Spells: 15/18 levels left

rFire   + + .      SeeInvis .   Q - +7 executioner's axe (elec)
rCold   x . .      Faith    .   (shield currently unavailable)
rNeg    + + +      Spirit   .   (armour unavailable)
rPois   +          Reflect  .   R - +3 hat of Pondering {ponderous, Will+ MP+10 Int+5}
rElec   +          Harm     .   J - +0 cloak
rCorr   +          Rampage  +   p - +2 pair of gloves {Str+3}
Will    ++...                   t - +2 pair of boots
Stlth   ..........              m - amulet of the Turtledove {Rampage rPois Regen+}
HPRegen 1.24/turn               A - ring of Cemm {Wiz rF+ rN+ rCorr Str+3}
MPRegen 0.24/turn               F - ring "Vuh Rag" {Fire rCorr Str+4 Dex+2 Stlth+}

@: berserking, lethally poisoned (-4 -> -59), flying, held, slowed, glowing,
slow
A: breathe lightning, AC +9, unfitting armour, big wings, electricity
resistance, cold-blooded, hooves 1, camouflage 1, deterioration 1
a: Breathe Lightning, Renounce Religion, Divine Shield, Cleansing Flame, Summon
Divine Warrior, Brand Weapon With Holy Wrath


You were on level 1 of the Spider Nest.
You worshipped the Shining One.
The Shining One was exalted by your worship.
You visited 5 branches of the dungeon, and saw 25 of its levels.
You also visited: Gauntlet.

You collected 2437 gold pieces.
You spent 1897 gold pieces at shops.

Inventory:

Hand Weapons
 e - the +5 long sword of Distant Shores {speed, rF+ rC+ Str+5}
   (You found it on level 8 of the Dungeon)

   Attacks with this weapon are significantly faster.
   Str:       It affects your strength (+5).
   rF:        It protects you from fire.
   rC:        It protects you from cold.
 r - the +5 hand axe of Jutzozu {freeze, Fly rF- Str+4 SInv}
   (You bought it in a shop on level 3 of the Dungeon)

   It freezes those it strikes, dealing additional cold damage.
   It can also slow down cold-blooded creatures.
   Str:       It affects your strength (+4).
   rF:        It makes you vulnerable to fire.
   SInv:      It lets you see invisible.
   Fly:       It grants you flight.
 Q - a +7 executioner's axe of electrocution (weapon)
 U - a +0 glaive of flaming
Missiles
 I - 6 silver javelins (quivered)
Armour
 c - a +3 buckler
 p - a +2 pair of gloves of strength (worn)
 t - a +2 pair of boots (worn)
 J - a +0 cloak (worn)
 R - the +3 hat of Pondering (worn) {ponderous, Will+ MP+10 Int+5}
   (You took it off Gastronok on level 1 of the Lair of Beasts)

   Int:       It affects your intelligence (+5).
   MP:        It affects your magic capacity (+10).
   Will:      It increases your willpower.
 V - an orb of energy
Jewellery
 l - an amulet of reflection
 m - the amulet of the Turtledove (around neck) {Rampage rPois Regen+}
   (You took it off a gnoll on level 3 of the Dungeon)

   [amulet of regeneration]

   rPois:     It protects you from poison.
   Regen:     It increases your rate of health regeneration.
   Rampage:   It bestows one free step when moving towards enemies.
 u - a ring of protection from cold
 v - an amulet of guardian spirit
 x - an amulet of the acrobat
 A - the ring of Cemm (left hand) {Wiz rF+ rN+ rCorr Str+3}
   (You took it off a minotaur in a Gauntlet)

   [ring of wizardry]

   It improves your spell success rate.
   Str:       It affects your strength (+3).
   rF:        It protects you from fire.
   rN:        It protects you from negative energy.
   rCorr:     It protects you from acid and corrosion.
 C - a +6 ring of strength
 F - the ring "Vuh Rag" (right hand) {Fire rCorr Str+4 Dex+2 Stlth+}
   (You found it in a Gauntlet)

   [ring of fire]

   It enhances your fire magic.
   Str:       It affects your strength (+4).
   Dex:       It affects your dexterity (+2).
   rF:        It protects you from fire.
   rC:        It makes you vulnerable to cold.
   rCorr:     It protects you from acid and corrosion.
   Stlth:     It makes you more stealthy.
 G - a +6 ring of dexterity
 M - a ring of protection from fire
Wands
 a - a wand of paralysis (5)
 f - a wand of iceblast (19)
 K - a wand of charming (11)
 T - a wand of polymorph (8)
 X - a wand of acid (5)
Scrolls
 d - 5 scrolls of fog
 h - 4 scrolls of identify
 j - a scroll of enchant armour
 k - a scroll of brand weapon
 n - 2 scrolls of amnesia
 q - 9 scrolls of teleportation
 O - a scroll of blinking
 S - a scroll of fear
 W - a scroll of magic mapping
 Z - a scroll of silence
Potions
 b - 4 potions of attraction
 g - 10 potions of curing
 i - 3 potions of degeneration
 o - 2 potions of haste
 s - 2 potions of brilliance
 z - 7 potions of heal wounds
 B - 3 potions of ambrosia
 D - 4 potions of magic
 E - a potion of flight
 H - 4 potions of might
 L - a potion of cancellation
 Y - a potion of lignification
Miscellaneous
 y - a phial of floods (inert)


   Skills:
 + Level 13.9 Fighting
 + Level 13.3 Long Blades
 + Level 14.4 Axes
 + Level 1.0 Throwing
 + Level 9.6 Dodging
 + Level 7.5 Shields
 + Level 2.3 Spellcasting
 + Level 1.8 Transmutations
 * Level 12.2 Invocations
 + Level 4.0 Evocations


You had 15 spell levels left.
You knew the following spells:

 Your Spells              Type           Power      Damage    Failure   Level
a - Beastly Appendage     Tmut           12%        N/A       4%          1
b - Wereblood             Tmut           6%         N/A       7%          2

Your spell library contained the following spells:

 Spells                   Type           Power      Damage    Failure   Level
 Apportation              Tloc           2%         N/A       10%         1
 Magic Dart               Conj           4%         1d3       10%         1
 Summon Small Mammal      Summ           4%         N/A       10%         1
 Passwall                 Tmut/Erth      3%         N/A       11%         2
 Blink                    Tloc           2%         N/A       16%         2
 Call Imp                 Summ           1%         N/A       16%         2
 Sublimation of Blood     Necr           1%         N/A       16%         2
 Spider Form              Tmut/Pois      4%         N/A       21%         3
 Ignite Poison            Fire/Tmut/Pois 4%         N/A       22%         3
 Call Canine Familiar     Summ           1%         N/A       28%         3
 Dazzling Flash           Conj/Hex       2%         N/A       28%         3
 Mephitic Cloud           Conj/Pois/Air  1%         N/A       28%         3
 Ozocubu's Armour         Ice            1%         N/A       28%         3
 Portal Projectile        Hex/Tloc       2%         N/A       28%         3
 Summon Guardian Golem    Hex/Summ       1%         N/A       28%         3
 Swiftness                Air            1%         N/A       28%         3
 Airstrike                Air            0%         N/A       65%         4
 Animate Dead             Necr           0%         N/A       65%         4
 Iskenderun's Mystic Bla  Conj/Tloc      1%         2d3       65%         4
 Leda's Liquefaction      Hex/Erth       0%         N/A       65%         4
 Olgreb's Toxic Radiance  Pois           1%         N/A       65%         4
 Passage of Golubria      Tloc           1%         N/A       65%         4
 Summon Ice Beast         Ice/Summ       1%         N/A       65%         4
 Summon Lightning Spire   Summ/Air       1%         N/A       65%         4
 Blade Hands              Tmut           3%         N/A       75%         5
 Alistair's Intoxication  Tmut/Pois      2%         N/A       86%         5
 Yara's Violent Unravell  Hex/Tmut       2%         3d3       86%         5
 Borgnjor's Vile Clutch   Necr/Erth      0%         N/A       92%         5
 Excruciating Wounds      Necr           0%         N/A       92%         5
 Freezing Cloud           Conj/Ice/Air   0%         6-21      92%         5
 Lee's Rapid Deconstruct  Erth           0%         3d5*      92%         5
 Lightning Bolt           Conj/Air       0%         1d11      92%         5
 Manifold Assault         Tloc           1%         N/A       92%         5
 Silence                  Hex/Air        0%         N/A       92%         5
 Summon Forest            Summ/Tloc      0%         N/A       92%         5
 Summon Mana Viper        Hex/Summ       1%         N/A       92%         5
 Death Channel            Necr           0%         N/A       100%        6
 Eringya's Noxious Bog    Tmut/Pois      2%         N/A       100%        6
 Starburst                Conj/Fire      1%         6d3       100%        6
 Statue Form              Tmut/Erth      2%         N/A       100%        6
 Summon Cactus Giant      Summ           0%         N/A       100%        6
 Monstrous Menagerie      Summ           0%         N/A       100%        7
 Ozocubu's Refrigeration  Ice            0%         4d5       100%        7
 Storm Form               Tmut/Air       2%         N/A       100%        7
 Summon Hydra             Summ           0%         N/A       100%        7
 Ignition                 Fire           1%         3d3       100%        8
 Lehudib's Crystal Spear  Conj/Erth      0%         10d2      100%        8
 Necromutation            Tmut/Necr      2%         N/A       100%        8


Dungeon Overview and Level Annotations

Branches:
Dungeon (15/15)            Temple (1/1) D:5            Lair (6/6) D:10
 Shoals (0/4) Lair:3       Spider (1/4) Lair:3        Slime (0/5) Lair:5
    Orc (2/2) D:9             Elf (0/3) Orc:2        Vaults (0/5) D:14
 Depths (0/4) D:15        Gauntlet (visited)

Altars:
Ashenzari
Cheibriados
Dithmenos
Elyvilon
Fedhas
Gozag
Hepliaklqana
Kikubaaqudgha
Makhleb
Nemelex Xobeh
Okawaru
Qazlal
Ru
Sif Muna
Trog
Uskayaw
Vehumet
Wu Jian
Xom
Yredelemnul
Zin
The Shining One

Shops:
D:3 (   D:6 [   D:15 [   Orc:2 *[!:!

Annotations:
D:2 exclusion: 2 downstairs
D:5 1 runed translucent door, flestrin's ghost, amateur MfIE
D:6 exclusion: downstairs
D:14 3 runed translucent doors, masacerus's ghost, journeyman MiBe
Orc:2 exclusion: upstairs


Innate Abilities, Weirdness & Mutations

You can breathe wild blasts of lightning.
Your glossy black scales are hard. (AC +9)
You cannot fit into any form of body armour.
Your large and strong wings let you fly.
You are resistant to electric shocks. (rElec)
You are cold-blooded and may be slowed by cold attacks.
You have large cloven feet.
Your skin changes colour to match your surroundings (Stealth+).
Your body sometimes deteriorates upon taking damage.


Message History

* * * LOW HITPOINT WARNING * * *
You hear an angry hiss. x6
A red film seems to cover your vision as you go berserk!
You feel yourself moving faster!
You feel mighty! The jumping spider closely misses you.
The jumping spider bites you but does no damage.
The demonic crawler hits your entropy weaver. x2
The demonic crawler misses your entropy weaver.
Your tarantella seems to be corroded for longer.
The wolf spider completely misses you. The wolf spider bites you.
* * * LOW HITPOINT WARNING * * *
You are lethally poisoned!
The wolf spider poisons you! The jumping spider pounces on you.
* * * LOW HITPOINT WARNING * * *
You are caught in a web!
The jumping spider bites you but does no damage.
The jumping spider pounces on you but does no damage.
The jumping spider bites you but does no damage.
The demonic crawler hits your entropy weaver.
The demonic crawler hits your entropy weaver!
The demonic crawler hits your entropy weaver.
Your redback bites the jumping spider!
The spark wasp stings you but does no damage.
Your entropy weaver points at the demonic crawler and mumbles some strange words.
The entropic weave corrodes the demonic crawler!
Your tarantella touches the torpor snail!
Your tarantella seems to be corroded for longer.
The wolf spider hits you.
* * * LOW HITPOINT WARNING * * *
The wolf spider bites you.
* * * LOW HITPOINT WARNING * * *
You are more poisoned.
The wolf spider poisons you!
The jumping spider pounces on you but does no damage.
The jumping spider closely misses you.
The jumping spider leaps!
The torpor snail closely misses your tarantella.
You are too berserk!
You struggle to detach yourself from the web.
You feel a strong urge to attack something.
You die...

..^.........#
.......#^#..##
.............#
.......s..#s###
......sw...##.##
.......s.Bs....#
..........?....#
...#....s°sy...#
.....#....@s.^.#
..(...#.....####
........####
#....#.## .#..##
##


You could see a spark wasp, a torpor snail (confused), a demonic crawler
(corroded, ally target), a wolf spider (ally target), 3 jumping spiders, a
friendly entropy weaver (summoned, slow), a friendly orb spider (summoned,
charged, slow), a friendly tarantella (summoned, slow, corroded) and a friendly
redback (summoned, slow).

Vanquished Creatures
  Gastronok (Lair:1)
  Kirke (D:15)
  A minotaur (Gauntlet)
  2 dire elephants
  A yaktaur captain (D:14)
  The ghost of Delamore the Impaler, a journeyman FoFi of Okawaru (Orc:1)
  Fannar (Lair:3)
  4 boulder beetles
  A hydra (D:15)
  8 death yaks
  A two-headed ogre (Orc:2)
  A tengu warrior (D:15)
  3 orc high priests (Orc:2)
  A spectral death yak (Lair:6)
  A spectral anaconda (Lair:6)
  A glowing orange brain (D:14)
  An orb spider (Lair:3)
  A lindwurm (Lair:6)
  An obsidian statue (Lair:6)
  A deep elf pyromancer (D:9)
  3 orc knights
  7 necromancers
  5 orc sorcerers
  21 ugly things
  4 manticores
  6 cyclopes
  Joseph (D:8)
  30 elephants
  15 cane toads
  An unseen horror (D:10)
  Maggie (Lair:1)
  5 rime drakes
  8 komodo dragons
  2 yaktaurs (D:14)
  A kobold demonologist (D:11)
  2 tengu conjurers (D:14)
  An ice devil (Gauntlet)
  2 trolls
  2 polar bears (Lair:5)
  6 meliai
  Prince Ribbit (Lair:1)
  A meliai (shapeshifter) (D:14)
  11 blink frogs
  11 dream sheep
  4 slime creatures (D:13)
  A spriggan (Lair:2)
  A shadow (D:13)
  3 wyverns
  3 hogs (D:15)
  A vampire (D:12)
  37 yaks
  A basilisk (shapeshifter) (D:11)
  A redback simulacrum (D:15)
  17 vampire mosquitoes
  4 basilisks
  A spectral cane toad (Lair:6)
  2 steam dragons
  2 wargs (Orc:1)
  A death yak simulacrum (Lair:6)
  10 water moccasins
  27 orc warriors
  2 sky beasts
  3 black bears
  A hornet zombie (D:6)
  3 ogres
  An ice beast (D:6)
  27 wolves
  6 centaurs
  An elephant skeleton (Lair:6)
  4 kobold brigands
  16 bullfrogs
  A bullfrog (shapeshifter) (D:14)
  A cane toad simulacrum (Lair:6)
  A scorpion (shapeshifter) (D:14)
  A wyvern zombie (D:6)
  2 scorpions
  2 gnoll sergeants
  An elephant simulacrum (Lair:6)
  2 water moccasin skeletons
  3 killer bees (D:8)
  5 centaur zombies
  22 orc priests
  5 hounds
  13 jellies
  2 bullfrog skeletons
  4 iguanas
  23 orc wizards
  A hound skeleton (D:4)
  33 gnolls
  2 adders
  A howler monkey skeleton (D:3)
  5 white imps
  An adder skeleton (D:4)
  A worm (D:5)
  2 dart slugs
  67 orcs
  5 bats
  4 bat zombies (D:3)
  8 endoplasms
  A giant cockroach (D:4)
  4 hobgoblins
  17 jackals
  3 quokkas
  5 ball pythons
  A frilled lizard (D:1)
  2 goblins (D:3)
  18 kobolds
  4 rats
  A rat zombie (D:3)
634 creatures vanquished.

Vanquished Creatures (collateral kills)
  A quicksilver ooze (Gauntlet)
  A tengu warrior (D:15)
  An orc knight (Orc:2)
  An orc sorcerer (Orc:2)
  A merfolk (shapeshifter) (D:15)
  An orc priest (Orc:2)
  4 orcs (Orc:1)
10 creatures vanquished.

Vanquished Creatures (others)
  A glowing orange brain (D:14)
  An orc knight (Orc:2)
  2 orc wizards (Orc:2)
  A kobold (D:8)
  118 fungi
  107 plants
  29 withered plants (Lair:6)
259 creatures vanquished.

Grand Total: 903 creatures vanquished

Notes
Turn   | Place    | Note
-------+----------+-------------------------------------------
     0 | D:1      | Lekart the Draconian Fighter began the quest for the Orb.
     0 | D:1      | Reached XP level 1. HP: 19/19 MP: 1/1
   365 | D:1      | Reached XP level 2. HP: 26/26 MP: 2/2
  1043 | D:2      | Learned a level 1 spell: Beastly Appendage
  1097 | D:2      | Found a faded altar of an unknown god.
  1149 | D:2      | Reached XP level 3. HP: 23/31 MP: 1/3
  1156 | D:2      | Reached skill level 3 in Axes
  1751 | D:3      | Reached XP level 4. HP: 30/39 MP: 2/4
  2076 | D:3      | Found Hyuhel's Antique Weapon Emporium.
  2151 | D:3      | Reached skill level 4 in Axes
  2151 | D:3      | Reached XP level 5. HP: 39/46 MP: 5/5
  2421 | D:3      | Found an ancient bone altar of Kikubaaqudgha.
  3427 | D:3      | Reached XP level 6. HP: 27/52 MP: 6/6
  3597 | D:3      | Found an ornate altar of the Wu Jian Council.
  3914 | D:3      | Identified the amulet of the Turtledove {Rampage rPois
                  | Regen+}
  4290 | D:4      | Reached skill level 5 in Axes
  4607 | D:4      | Your scales start taking on a glossy black colour.
  4607 | D:4      | Reached XP level 7. HP: 42/60 MP: 7/7
  4607 | D:4      | Gained mutation: You are resistant to electric shocks.
                  | (rElec) [Black Draconian growth]
  5259 | D:3      | Bought a scorched hand axe for 224 gold pieces
  5259 | D:3      | Identified the +5 hand axe of Jutzozu {freeze, Fly rF-
                  | Str+4 SInv} (You bought it in a shop on level 3 of the
                  | Dungeon)
  5639 | D:5      | Entered Level 5 of the Dungeon
  5798 | D:5      | Reached skill level 5 in Fighting
  5798 | D:5      | Reached skill level 6 in Axes
  5989 | D:5      | Reached skill level 1 in Evocations
  5989 | D:5      | Found a runed translucent door.
  5993 | D:5      | Noticed flestrin's ghost (amateur MfIE)
  6003 | D:5      | Found a staircase to the Ecumenical Temple.
  6037 | D:5      | Reached XP level 8. HP: 62/70 MP: 8/8
  6046 | Temple   | Entered the Ecumenical Temple
  6275 | Temple   | Became a worshipper of the Shining One
  6357 | D:5      | Found a shimmering altar of Xom.
  6672 | D:6      | Found Nefeda Qaot's Armour Shoppe.
  7119 | D:6      | Found a stormy altar of Qazlal.
  7196 | D:6      | Noticed an air elemental
  7404 | D:6      | Reached skill level 7 in Axes
  8417 | D:7      | Reached skill level 8 in Axes
  8577 | D:7      | Reached XP level 9. HP: 49/79 MP: 5/9
  9003 | D:7      | Reached * piety under the Shining One
  9414 | D:7      | Reached skill level 5 in Dodging
  9646 | D:7      | Gained mutation: You are clumsy. (Dex -2) [potion of
                  | mutation]
  9686 | D:8      | Reached skill level 9 in Axes
  9692 | D:8      | Lost mutation: You are clumsy. (Dex -2) [potion of
                  | mutation]
  9692 | D:8      | Gained mutation: Your spells are a little easier to cast,
                  | but a little less powerful. [potion of mutation]
  9692 | D:8      | Gained mutation: You have a pair of small antennae on your
                  | head. [potion of mutation]
  9761 | D:8      | Identified the +5 long sword of Distant Shores {speed, rF+
                  | rC+ Str+5}
  9851 | D:8      | Noticed a brown ugly thing
  9860 | D:8      | Killed a brown ugly thing
  9861 | D:8      | Reached skill level 1 in Long Blades
  9861 | D:8      | Reached skill level 5 in Shields
 10168 | D:8      | Noticed Joseph
 10187 | D:8      | Killed Joseph
 10188 | D:8      | Reached XP level 10. HP: 73/90 MP: 8/10
 10717 | D:8      | Identified the +0 chain mail of Refuge {rElec rN+ Int-2
                  | SInv}
 11285 | D:3      | Bought a fine long sword for 238 gold pieces
 11285 | D:3      | Identified the +4 long sword of Invincibility {vamp, rElec}
                  | (You bought it in a shop on level 3 of the Dungeon)
 11737 | D:9      | Found a staircase to the Orcish Mines.
 12055 | D:9      | Noticed a deep elf pyromancer
 12065 | D:9      | Killed a deep elf pyromancer
 12178 | D:9      | Found a broken altar of Ashenzari.
 12181 | D:9      | Reached ** piety under the Shining One
 12669 | Orc:1    | Entered Level 1 of the Orcish Mines
 12862 | D:8      | Reached skill level 5 in Long Blades
 13091 | D:9      | Learned a level 2 spell: Wereblood
 13105 | Orc:1    | Noticed an orc knight
 13146 | D:8      | Killed an orc knight
 13238 | D:10     | Entered Level 10 of the Dungeon
 13280 | D:10     | Found a radiant altar of Vehumet.
 13293 | D:10     | Reached skill level 1 in Spellcasting
 13591 | D:10     | Reached XP level 11. HP: 41/97 MP: 10/12
 13676 | D:10     | Found a staircase to the Lair.
 13944 | D:6      | Bought a +1 hat of willpower for 208 gold pieces
 14449 | D:10     | Noticed a wolf spider
 14450 | D:10     | Noticed a boulder beetle
 14451 | D:10     | Reached *** piety under the Shining One
 15307 | D:11     | Reached skill level 10 in Fighting
 15398 | D:11     | Found a snail-covered altar of Cheibriados.
 15660 | D:12     | Noticed a cyan ugly thing
 15670 | D:12     | Killed a cyan ugly thing
 16113 | D:12     | You fall into a shaft and drop 3 floors!
 16113 | D:15     | Entered Level 15 of the Dungeon
 16115 | D:15     | Noticed a necromancer
 16115 | D:15     | Noticed an orc sorcerer
 16116 | D:15     | Found a staircase to the Depths.
 16116 | D:15     | Noticed a tengu warrior
 16118 | D:15     | Noticed a swamp dragon
 16118 | D:15     | a moth of wrath changed into a swamp dragon
 16120 | D:15     | Noticed a fire crab
 16120 | D:15     | a shapeshifter changed into a fire crab
 16121 | D:15     | a swamp dragon changed into a merfolk
 16125 | D:15     | Killed a necromancer
 16127 | D:15     | Killed a tengu warrior
 16146 | D:15     | Killed an orc sorcerer
 16150 | D:15     | Reached **** piety under the Shining One
 16152 | D:15     | Noticed a necromancer
 16161 | D:15     | Reached skill level 10 in Long Blades
 16164 | D:15     | Killed a necromancer
 16225 | D:15     | Reached XP level 12. HP: 82/108 MP: 13/13
 16391 | D:15     | Noticed Kirke
 16414 | D:15     | Killed Kirke
 16527 | D:15     | Found Wav Uwke's Armour Shop.
 16599 | D:15     | Noticed a six-headed hydra
 16709 | D:14     | Noticed a yaktaur captain
 16713 | D:14     | Reached skill level 1 in Invocations
 16721 | D:14     | Killed a yaktaur captain
 16804 | D:14     | Found a gate to the Vaults.
 17040 | D:14     | Found a runed translucent gate.
 17040 | D:14     | Found a runed translucent gate.
 17040 | D:14     | Found a runed translucent gate.
 17279 | D:14     | Noticed a boulder beetle
 17303 | D:14     | Killed a boulder beetle
 17361 | D:13     | Reached XP level 13. HP: 116/116 MP: 13/19
 17416 | D:13     | Reached skill level 1 in Transmutations
 17884 | D:13     | Found a gate leading to a gauntlet.
 17894 | Gauntlet | Entered a Gauntlet
 17894 | Gauntlet | Reached ***** piety under the Shining One
 17894 | Gauntlet | Found a transporter.
 17894 | Gauntlet | Found a transporter.
 17910 | Gauntlet | Found a transporter.
 17914 | Gauntlet | Found a transporter.
 17928 | Gauntlet | Found a transporter.
 17930 | Gauntlet | Found a transporter.
 17938 | Gauntlet | Found a transporter.
 17956 | Gauntlet | Noticed a quicksilver ooze
 17959 | Gauntlet | Found a transporter.
 17964 | Gauntlet | Found a transporter.
 17969 | Gauntlet | Found a transporter.
 17984 | Gauntlet | Found a transporter.
 17984 | Gauntlet | Found a transporter.
 18128 | Gauntlet | Identified the +10 mace "Dukkew" {freeze, Fragile Str+5
                  | Dex+7}
 18175 | Gauntlet | Identified the ring "Vuh Rag" {Fire rCorr Str+4 Dex+2
                  | Stlth+}
 18176 | Gauntlet | Killed a quicksilver ooze
 18193 | Gauntlet | Identified the ring of Cemm {Wiz rF+ rN+ rCorr Str+3}
 18193 | Gauntlet | Noticed a minotaur
 18230 | Gauntlet | Killed a minotaur
 18868 | D:13     | Gained mutation: Your large and strong wings let you fly.
                  | [Black Draconian growth]
 18868 | D:13     | Reached XP level 14. HP: 118/126 MP: 20/20
 19679 | D:14     | Found a runed translucent gate.
 19679 | D:14     | Found a runed translucent gate.
 19687 | D:14     | Noticed a tentacled monstrosity
 19689 | D:14     | Noticed masacerus's ghost (journeyman MiBe)
 19689 | D:14     | Found a runed translucent gate.
 19689 | D:14     | Noticed a cacodemon
 19708 | D:14     | Lost mutation: Your spells are a little easier to cast, but
                  | a little less powerful. [potion of mutation]
 19708 | D:14     | Lost mutation: You have a pair of small antennae on your
                  | head. [potion of mutation]
 19708 | D:14     | Gained mutation: You do not regenerate when monsters are
                  | visible. [potion of mutation]
 19710 | D:14     | Gained mutation: Your flesh is heat resistant. (rF+)
                  | [potion of mutation]
 19710 | D:14     | Gained mutation: Your skin changes colour to match your
                  | surroundings (Stealth+). [potion of mutation]
 19710 | D:14     | Gained mutation: You have a pair of small horns on your
                  | head. [potion of mutation]
 19712 | D:14     | Lost mutation: You do not regenerate when monsters are
                  | visible. [potion of mutation]
 19712 | D:14     | Lost mutation: You have a pair of small horns on your head.
                  | [potion of mutation]
 19712 | D:14     | Gained mutation: Your spells are a little harder to cast,
                  | but a little more powerful. [potion of mutation]
 19712 | D:14     | Gained mutation: You are frail. (-10% HP) [potion of
                  | mutation]
 20695 | Orc:1    | Found a large runed translucent door.
 20696 | Orc:1    | Found a large runed translucent door.
 20702 | Orc:1    | Noticed Delamore's ghost (journeyman FoFi)
 20884 | Orc:1    | Killed Delamore's ghost
 21000 | Orc:2    | Entered Level 2 of the Orcish Mines
 21013 | Orc:2    | Found Wixtoxku's Mayhem Merchandise.
 21041 | Orc:2    | Bought a +3 executioner's axe of electrocution for 630 gold
                  | pieces
 21226 | Orc:2    | Reached skill level 10 in Axes
 21318 | Orc:2    | Found a staircase to the Elven Halls.
 21420 | Orc:2    | Reached skill level 1 in Throwing
 21434 | Orc:2    | Reached skill level 10 in Invocations
 21544 | Orc:1    | Found a burning altar of Makhleb.
 21842 | Orc:2    | Reached ****** piety under the Shining One
 22092 | Orc:2    | Found Woosaz's Distillery.
 22092 | Orc:2    | Found Biawileth's Antique Armour Shoppe.
 22094 | Orc:2    | Found Jaxis's Book Boutique.
 22094 | Orc:2    | Found Tetue's Distillery.
 22100 | Orc:2    | Bought a potion of mutation for 120 gold pieces
 22100 | Orc:2    | Lost mutation: Your spells are a little harder to cast, but
                  | a little more powerful. [potion of mutation]
 22100 | Orc:2    | Gained mutation: You are weak. (Str -2) [potion of
                  | mutation]
 22100 | Orc:2    | Gained mutation: You sometimes lose the ability to read
                  | scrolls when taking damage. [potion of mutation]
 22100 | Orc:2    | Gained mutation: Your body sometimes deteriorates upon
                  | taking damage. [potion of mutation]
 22106 | Orc:2    | Bought an embroidered scarf for 256 gold pieces
 22113 | Orc:2    | Bought a potion of berserk rage for 85 gold pieces
 22113 | Orc:2    | Bought a potion of might for 68 gold pieces
 22113 | Orc:2    | Bought a potion of brilliance for 68 gold pieces
 22362 | Lair:1   | Entered Level 1 of the Lair of Beasts
 22444 | Lair:1   | Noticed Gastronok
 22456 | Lair:1   | Killed Gastronok
 22632 | Lair:1   | Noticed Prince Ribbit
 22635 | Lair:1   | Reached skill level 11 in Axes
 22641 | Lair:1   | Killed Prince Ribbit
 22751 | Lair:1   | Noticed Maggie
 22757 | Lair:1   | Killed Maggie
 23747 | Lair:2   | Reached XP level 15. HP: 115/121 MP: 23/23
 23801 | Lair:2   | Reached skill level 12 in Axes
 24213 | Lair:3   | Found a staircase to the Shoals.
 24266 | Lair:3   | Noticed Fannar
 24279 | Lair:3   | Killed Fannar
 24558 | Lair:3   | Lost mutation: You are weak. (Str -2) [potion of mutation]
 24558 | Lair:3   | Lost mutation: You sometimes lose the ability to read
                  | scrolls when taking damage. [potion of mutation]
 24558 | Lair:3   | Lost mutation: You are frail. (-10% HP) [potion of
                  | mutation]
 24558 | Lair:3   | Gained mutation: You have large cloven feet. [potion of
                  | mutation]
 24558 | Lair:3   | Gained mutation: Your spells are a little harder to cast,
                  | but a little more powerful. [potion of mutation]
 24558 | Lair:3   | Gained mutation: Your spells are harder to cast, but more
                  | powerful. [potion of mutation]
 24820 | Lair:3   | Found a hole to the Spider Nest.
 25517 | Lair:4   | You are sucked into a shaft and drop 1 floor!
 25742 | Lair:5   | Found a staircase to the Slime Pits.
 25748 | Lair:5   | Reached skill level 13 in Axes
 26574 | Lair:6   | Entered Level 6 of the Lair of Beasts
 26654 | Lair:6   | Lost mutation: Your flesh is heat resistant. (rF+) [potion
                  | of mutation]
 26654 | Lair:6   | Lost mutation: Your spells are harder to cast, but more
                  | powerful. [potion of mutation]
 26654 | Lair:6   | Lost mutation: Your spells are a little harder to cast, but
                  | a little more powerful. [potion of mutation]
 26675 | Lair:6   | Got the Grimoire of Moulding
 27500 | Lair:6   | Reached skill level 14 in Axes
 28593 | Spider:1 | Entered Level 1 of the Spider Nest
 28604 | Spider:1 | HP: 10/205 [wolf spider[a torpor snail] (1)]
 28605 | Spider:1 | Succumbed to a wolf spider's poison

Illustrated notes

Levels and vault maps discovered:
D:1:      zelgadis_glass_arrival_small, layout_basic, grunt_decor_junction
D:2:      layout_basic, dreamdust_ecumenical_altar_angels_and_demons,
          nicolae_grassy_gnolls
D:3:      lemuel_castle_with_subvaults [lemuel_castle_interior_original],
          layout_basic, nicolae_wu_jian_immortal_techniques,
          lemuel_zombie_altar_kikubaaqudgha, serial_shops,
          nicolae_shop_advertising_works [nicolae_subvault_shop_adworks]
D:4:      minmay_chambers_of_twos, layout_gridville
D:5:      layout_rooms, nicolae_overflow_crystal_walls,
          minmay_temple_entry_overgrown, ebering_ghost_reflecting_pool
D:6:      layout_layer_cave, nicolae_qazlal_style_of_elements, serial_shops,
          nicolae_stop_n_shop_1, minmay_holes
D:7:      layout_basic
D:8:      layout_loops_ring, uniq_joseph
D:9:      layout_cross, lemuel_crystal_altar, orc_0_dummy
D:10:     layout_grid_maze, vehumet_altar_wand_db,
          grunt_lair_entry_orc_guard_hut, onia_ninara_dug_in_and_dangerous
D:11:     layout_basic, cheibriados_altar_1
D:12:     layout_roguey
D:13:     layout_roguey, gauntlet_entry_generic
D:14:     layout_layer_cave, david_vaults_2, serial_glass, glass_columns_a,
          glass_columns_b, ploomutoo_gammafunk_ghost_potion_laboratory,
          minivault_25
D:15:     hangedman_depths_entry_civil_slaughter, layout_loops_corners,
          serial_shops, shop, uniq_kirke
Temple:   eino_temple_rhombus
Lair:1:   layout_roguey, infiniplex_staircase_pool_2, uniq_maggie,
          uniq_gastronok, uniq_prince_ribbit2
Lair:2:   mu_elephants_graveyard, layout_chaotic_city
Lair:3:   layout_small_grid, elwin_shoals_entry_rocks,
          nicolae_spider_entry_orb_guardian, amcnicky_mini_pool_medium,
          uniq_fannar
Lair:4:   layout_concentric_octagons
Lair:5:   layout_hall_layers, minmay_slime_entry_jelly_boxes,
          beast_lair_carwin_5
Lair:6:   due_jungle_book, layout_regular_city, infiniplex_staircase_pool,
          grunt_megastairs_3
Spider:1: lemuel_spider_zombies, ebering_ghost_xom
Orc:1:    layout_caves, ebering_ghost_disaster_area, basic_altar
Orc:2:    grunt_orc_tribal_feast, layout_diamond_mine, minmay_shop_mayhem

Skill      XL: |  1  2  3  4  5  6  7  8  9 10 11 12 13 14 15 |
---------------+----------------------------------------------+-----
Axes           | 3 4 5 6 8 9 11 14 | 14.4
Dodging        | 3 4 5 6 7 8 9 |  9.6
Fighting       | 4 6 7 8 9 10 11 12 13 | 13.9
Evocations     | 1 2 3 4 |  4.0
Shields        | 4 5 6 7 |  7.5
Long Blades    | 2 6 10 11 12 13 | 13.3
Spellcasting   | 1 2 |  2.3
Invocations    | 8 10 12 | 12.2
Transmutations | 1 |  1.8
Throwing       | 1 |  1.0

Action                   |  1- 3 |  4- 6 |  7- 9 | 10-12 | 13-15 || total
-------------------------+-------+-------+-------+-------+-------++-------
Melee: War axe           |    71 |   154 |    11 |       |       ||   236
       Tailslap          |     4 |    17 |    33 |   113 |   216 ||   383
       Headbutt          |     1 |     1 |       |       |    14 ||    16
       Kick              |     1 |       |       |     3 |    35 ||    39
       Hand axe          |       |       |   149 |    18 |    13 ||   180
       Long sword        |       |       |    31 |   522 |   385 ||   938
       Executioner's axe |       |       |       |       |   539 ||   539
Throw: Throwing net      |       |       |     1 |       |     5 ||     6
       Javelin           |       |       |       |       |    17 ||    17
 Cast: Beastly Appendage |     5 |     1 |       |     1 |    17 ||    24
       Wereblood         |       |       |       |     1 |     2 ||     3
Invok: Divine Shield     |       |       |       |     3 |       ||     3
       Cleansing Flame   |       |       |       |     1 |       ||     1
       Summon Divine War |       |       |       |       |     2 ||     2
 Abil: Breathe Lightning |       |       |     4 |     3 |     6 ||    13
Evoke: Wand              |       |       |    18 |     8 |    43 ||    69
       Phial of floods   |       |       |       |       |     1 ||     1
  Use: Scroll            |     3 |       |     7 |    12 |    19 ||    41
       Potion            |       |       |     7 |     2 |     8 ||    17
 Stab: Sleeping          |     2 |       |       |       |       ||     2
Armor: Skin              |    24 |    59 |    45 |   138 |   342 ||   608
Dodge: Dodged            |    62 |   141 |    99 |   298 |   697 ||  1297
Block: Buckler           |    20 |    39 |    46 |   124 |    88 ||   317

Table legend: (Time is in decaauts)
 A = Elapsed time spent in this place.
 B = Non-inter-level travel time spent in this place.
 C = Inter-level travel time spent in this place.
 D = Time resting spent in this place.
 E = Time spent auto-exploring this place.
 F = Levels seen in this place.
 G = Mean time per level.
                   A        B        C        D        E       F      G
               +--------+--------+--------+--------+--------+-----+--------+
         Total |  28946 |  27231 |   1715 |   5143 |  15700 |  26 | 1113.3 |
       Dungeon |  19681 |  18339 |   1342 |   3987 |  10482 |  15 | 1312.1 |
        Temple |    239 |    229 |     10 |      0 |    155 |   1 |  239.0 |
          Lair |   6761 |   6481 |    280 |    896 |   4068 |   6 | 1126.8 |
   Spider Nest |     17 |     17 |      0 |      0 |      0 |   1 |   17.0 |
  Orcish Mines |   1842 |   1761 |     81 |    186 |    852 |   2 |  921.0 |
      Gauntlet |    404 |    404 |      0 |     73 |    142 |   1 |  404.0 |
               +--------+--------+--------+--------+--------+-----+--------+

Top non-repeatable levels by time:
     D:3: 2205 daAuts
  Lair:6: 1986 daAuts
     D:2: 1944 daAuts
     D:8: 1911 daAuts
     D:6: 1694 daAuts
    D:14: 1690 daAuts
    D:10: 1437 daAuts
     D:7: 1427 daAuts
  Lair:3: 1411 daAuts
     D:4: 1349 daAuts
  Lair:5: 1271 daAuts
  Lair:2: 1179 daAuts
    D:15: 1092 daAuts
     D:9: 1030 daAuts
   Orc:2: 982 daAuts
